[ AOE2 MATCH · #505441115 ]
UnrankedGeorgians vs Turks
Player's team · WIN
Rival team · LOSS
[ REPLAY ANALYSIS · EXTRACTED FROM THE RECORDED GAME ]
Feudal
10:57
Castle
29:25
Imperial
42:24
| APM avg | 91.7 |
| APM peak | 131 |
| eAPM avg | 64.0 |
| Villagers / military | 172 / 161 |
Focus
⚔️ 74.5% · 🌾 25.5%
Skirmisher ×63 · Scout Cavalry ×47 · Spearman ×33 · Monk ×8 · Militia ×7 · Knight ×3
Feudal
11:21
Castle
26:21
Imperial
—
| APM avg | 52.1 |
| APM peak | 76 |
| eAPM avg | 26.2 |
| Villagers / military | 150 / 126 |
Focus
⚔️ 35.0% · 🌾 65.0%
Cavalry Archer ×35 · Archer ×34 · Scout Cavalry ×23 · Camel Scout ×12 · Spearman ×11 · Knight ×4
Match map
Initial resources + every placement click. Lines = walls · curves = elevation contours. ◆ gold · ⬟ stone · ● berries · ✦ relic · ◌ wall gap
Your base· Open — 3t gap
The Guy With The Magic Keyboard's base· Open — 2t gap
Smoothed initial terrain · ◌ = detected wall gap · hover for details
Inputs per minute
— KIV.YourAddHere - - The Guy With The Magic Keyboard
Build order — KIV.YourAddHere
First 150 of 394 actions detected
| 0:00 | Create | Villager (Male) |
| 0:03 | Build | House |
| 0:04 | Build | House |
| 0:16 | Create | Villager (Male) ×3 |
| 1:24 | Create | Villager (Male) |
| 2:03 | Create | Villager (Male) |
| 2:10 | Create | Villager (Male) |
| 2:47 | Create | Villager (Male) ×2 |
| 3:07 | Build | House |
| 3:41 | Build | Barracks |
| 3:43 | Create | Villager (Male) |
| 4:16 | Create | Villager (Male) |
| 4:26 | Create | Villager (Male) ×2 |
| 4:28 | Build | House |
| 4:30 | Build | House |
| 4:39 | Create | Militia |
| 4:39 | Create | Militia |
| 4:50 | Create | Villager (Male) |
| 4:53 | Create | Militia |
| 4:54 | Create | Militia |
| 5:49 | Create | Villager (Male) |
| 5:53 | Create | Militia |
| 5:59 | Build | Mill |
| 6:03 | Build | Mule Cart |
| 6:12 | Create | Villager (Male) |
| 6:26 | Create | Villager (Male) |
| 6:55 | Create | Villager (Male) |
| 6:57 | Build | House |
| 7:05 | Create | Militia |
| 7:12 | Build | Mill |
| 7:14 | Create | Villager (Male) |
| 7:42 | Create | Villager (Male) |
| 8:22 | Create | Villager (Male) |
| 8:42 | Research | Feudal Age |
| 10:12 | Create | Villager (Male) |
| 10:14 | Build | House |
| 10:38 | Research | Loom |
| 10:56 | Create | Villager (Male) |
| 10:57 | Age | Feudal Age |
| 10:59 | Create | Militia |
| 11:01 | Research | Man-at-Arms (upgrade) |
| 11:04 | Research | Arson |
| 11:08 | Research | Gold Mining |
| 11:10 | Research | Double-Bit Axe |
| 11:20 | Create | Villager (Male) |
| 11:31 | Research | Horse Collar |
| 11:39 | Build | Farm |
| 11:40 | Build | Farm |
| 11:53 | Create | Villager (Male) |
| 11:56 | Build | Archery Range |
| 12:05 | Create | Villager (Male) |
| 12:13 | Create | Villager (Male) |
| 12:15 | Build | Stable |
| 12:18 | Create | Villager (Male) |
| 12:39 | Create | Villager (Male) |
| 12:46 | Create | Villager (Male) |
| 12:48 | Build | House |
| 12:50 | Build | Palisade Wall |
| 12:56 | Create | Scout Cavalry |
| 13:00 | Research | Loom |
| 13:04 | Create | Skirmisher ×5 |
| 13:08 | Build | House |
| 13:13 | Build | Farm |
| 13:23 | Create | Villager (Male) |
| 13:36 | Create | Skirmisher ×3 |
| 13:37 | Create | Villager (Male) ×3 |
| 13:53 | Create | Villager (Male) |
| 13:54 | Create | Skirmisher |
| 13:58 | Build | House |
| 14:03 | Create | Scout Cavalry |
| 14:10 | Build | Farm |
| 14:18 | Build | Farm |
| 14:23 | Create | Scout Cavalry |
| 14:40 | Create | Scout Cavalry |
| 14:51 | Create | Skirmisher |
| 15:31 | Create | Scout Cavalry |
| 15:33 | Create | Skirmisher |
| 15:33 | Create | Villager (Male) ×2 |
| 15:49 | Build | Farm |
| 15:51 | Build | Farm |
| 15:52 | Build | Farm |
| 15:53 | Build | Farm |
| 15:54 | Build | Farm |
| 15:56 | Create | Skirmisher |
| 16:02 | Build | Blacksmith |
| 16:04 | Build | Mill |
| 16:05 | Build | Farm |
| 16:08 | Create | Scout Cavalry |
| 16:17 | Build | Farm |
| 16:46 | Create | Skirmisher |
| 16:49 | Create | Villager (Male) |
| 16:52 | Build | Farm |
| 16:54 | Build | Farm |
| 16:55 | Build | Farm |
| 16:56 | Build | Farm |
| 17:06 | Create | Skirmisher |
| 17:07 | Create | Villager (Male) |
| 17:10 | Create | Scout Cavalry |
| 17:19 | Build | Farm |
| 17:31 | Create | Skirmisher |
| 17:39 | Create | Villager (Male) |
| 17:41 | Build | House |
| 17:50 | Create | Scout Cavalry |
| 17:58 | Create | Villager (Male) |
| 18:00 | Create | Villager (Male) |
| 18:02 | Build | House |
| 18:03 | Create | Villager (Male) |
| 18:07 | Build | Farm |
| 18:08 | Build | Farm |
| 18:09 | Build | Farm |
| 18:12 | Research | Wheelbarrow |
| 18:44 | Research | Scale Barding Armor |
| 18:45 | Create | Villager (Male) |
| 18:47 | Build | Stable |
| 18:49 | Create | Scout Cavalry |
| 19:05 | Create | Scout Cavalry |
| 19:13 | Create | Villager (Male) |
| 19:25 | Research | Forging |
| 19:29 | Create | Villager (Male) |
| 19:46 | Build | House |
| 19:49 | Build | House |
| 19:51 | Build | House |
| 19:52 | Build | Palisade Wall |
| 19:55 | Create | Scout Cavalry ×2 |
| 20:01 | Create | Villager (Male) ×2 |
| 20:54 | Research | Bloodlines |
| 20:55 | Create | Scout Cavalry ×3 |
| 20:59 | Build | Farm |
| 21:00 | Create | Villager (Male) |
| 21:12 | Create | Skirmisher |
| 21:39 | Create | Scout Cavalry |
| 21:39 | Create | Scout Cavalry |
| 21:45 | Create | Villager (Male) |
| 21:46 | Create | Villager (Male) |
| 21:54 | Build | Market |
| 22:01 | Create | Scout Cavalry |
| 22:01 | Create | Scout Cavalry |
| 22:10 | Build | House |
| 22:14 | Build | Market |
| 22:16 | Create | Scout Cavalry ×2 |
| 22:25 | Create | Villager (Male) ×2 |
| 22:37 | Create | Skirmisher |
| 22:38 | Create | Skirmisher |
| 22:46 | Create | Scout Cavalry |
| 22:49 | Create | Villager (Male) |
| 22:56 | Create | Scout Cavalry |
| 22:56 | Create | Scout Cavalry |
| 22:57 | Build | Farm |
| 23:03 | Create | Villager (Male) |
| 23:05 | Build | Stable |
Build order — The Guy With The Magic Keyboard
First 150 of 425 actions detected
| 0:00 | Create | Villager (Male) |
| 0:00 | Create | Villager (Male) |
| 0:01 | Build | House |
| 0:02 | Build | House |
| 0:04 | Create | Villager (Male) |
| 0:06 | Create | Villager (Male) |
| 0:54 | Build | Lumber Camp |
| 1:18 | Create | Villager (Male) |
| 1:49 | Create | Villager (Male) |
| 1:49 | Create | Villager (Male) |
| 2:11 | Create | Villager (Male) |
| 2:12 | Create | Villager (Male) |
| 2:43 | Create | Villager (Male) |
| 2:43 | Create | Villager (Male) |
| 3:00 | Build | House |
| 3:01 | Build | House |
| 3:13 | Research | Loom |
| 3:19 | Create | Villager (Male) |
| 3:50 | Create | Villager (Male) |
| 3:50 | Create | Villager (Male) |
| 3:57 | Create | Villager (Male) |
| 3:57 | Create | Villager (Male) |
| 4:34 | Create | Villager (Male) |
| 4:34 | Create | Villager (Male) |
| 4:44 | Create | Villager (Male) |
| 5:03 | Create | Villager (Male) |
| 5:55 | Create | Villager (Male) |
| 6:19 | Create | Villager (Male) |
| 6:26 | Build | Barracks |
| 6:35 | Create | Villager (Male) |
| 6:58 | Build | House |
| 7:26 | Create | Villager (Male) |
| 7:56 | Create | Villager (Male) |
| 7:58 | Create | Villager (Male) |
| 8:12 | Build | Mining Camp |
| 8:43 | Create | Villager (Male) |
| 9:02 | Research | Feudal Age |
| 9:02 | Research | Feudal Age |
| 10:03 | Create | Villager (Male) |
| 10:17 | Create | Villager (Male) |
| 10:38 | Create | Villager (Male) |
| 11:19 | Create | Villager (Male) |
| 11:21 | Age | Feudal Age |
| 11:26 | Build | Archery Range |
| 11:27 | Research | Double-Bit Axe |
| 11:37 | Create | Villager (Male) |
| 11:48 | Build | Archery Range |
| 11:56 | Build | House |
| 11:58 | Create | Villager (Male) |
| 12:04 | Build | Palisade Wall |
| 12:05 | Build | Palisade Wall |
| 12:26 | Create | Archer |
| 12:38 | Create | Villager (Male) |
| 12:42 | Create | Archer |
| 12:42 | Create | Archer |
| 12:46 | Build | Blacksmith |
| 12:48 | Build | House |
| 12:51 | Create | Archer |
| 13:00 | Create | Archer |
| 13:10 | Create | Villager (Male) |
| 13:27 | Build | Mill |
| 13:32 | Create | Archer |
| 13:34 | Research | Man-at-Arms (upgrade) |
| 13:35 | Research | Fletching |
| 13:54 | Build | House |
| 13:58 | Build | House |
| 14:02 | Build | Mill |
| 14:02 | Create | Archer |
| 14:08 | Build | Mining Camp |
| 14:09 | Create | Villager (Male) |
| 14:11 | Build | Farm |
| 14:12 | Build | Farm |
| 14:14 | Build | Farm |
| 14:20 | Build | Farm |
| 14:44 | Create | Archer |
| 14:45 | Create | Villager (Male) |
| 14:47 | Build | Farm |
| 14:49 | Build | Farm |
| 15:01 | Create | Villager (Male) |
| 15:10 | Build | Farm |
| 15:11 | Create | Villager (Male) |
| 15:31 | Create | Villager (Male) |
| 15:32 | Create | Archer |
| 15:46 | Create | Villager (Male) |
| 15:49 | Build | Farm |
| 15:53 | Create | Villager (Male) |
| 15:54 | Build | Farm |
| 16:00 | Research | Padded Archer Armor |
| 16:01 | Create | Archer |
| 16:01 | Create | Archer |
| 16:14 | Build | House |
| 16:15 | Build | House |
| 16:17 | Create | Archer |
| 16:46 | Create | Archer |
| 16:48 | Create | Villager (Male) |
| 16:48 | Create | Villager (Male) |
| 16:49 | Create | Archer |
| 17:11 | Build | Stable |
| 17:13 | Create | Villager (Male) |
| 17:15 | Build | Farm |
| 17:22 | Create | Villager (Male) |
| 17:25 | Build | Palisade Wall |
| 17:40 | Research | Gold Mining |
| 17:44 | Create | Villager (Male) |
| 17:48 | Create | Archer |
| 17:48 | Create | Archer |
| 17:53 | Create | Scout Cavalry |
| 17:53 | Create | Scout Cavalry |
| 18:06 | Build | Farm |
| 18:10 | Create | Villager (Male) |
| 18:11 | Create | Villager (Male) |
| 18:18 | Create | Archer |
| 18:18 | Create | Archer |
| 18:24 | Build | Farm |
| 18:42 | Create | Scout Cavalry |
| 18:43 | Create | Archer |
| 18:46 | Build | House |
| 18:47 | Build | House |
| 18:51 | Build | House |
| 18:56 | Create | Villager (Male) |
| 19:05 | Research | Wheelbarrow |
| 19:06 | Create | Villager (Male) |
| 19:09 | Build | House |
| 19:19 | Research | Scale Barding Armor |
| 19:20 | Create | Villager (Male) |
| 19:23 | Create | Archer |
| 19:23 | Create | Archer |
| 19:40 | Create | Archer |
| 19:59 | Create | Villager (Male) |
| 20:03 | Research | Bloodlines |
| 20:11 | Create | Archer |
| 20:12 | Create | Villager (Male) |
| 20:14 | Build | House |
| 20:15 | Build | House |
| 20:29 | Create | Scout Cavalry |
| 20:30 | Create | Archer |
| 20:30 | Create | Archer |
| 20:32 | Build | Farm |
| 20:34 | Build | Farm |
| 20:36 | Build | Lumber Camp |
| 21:07 | Create | Villager (Male) |
| 21:18 | Build | Market |
| 21:21 | Create | Villager (Male) |
| 21:22 | Create | Archer |
| 21:22 | Create | Archer |
| 21:24 | Create | Scout Cavalry |
| 21:28 | Research | Forging |
| 21:48 | Create | Scout Cavalry |
| 21:49 | Create | Archer |
| 21:49 | Create | Archer |
Match timeline
| 3:41 | KIV.YourAddHere · first_building Barracks |
| 6:26 | The Guy With The Magic Keyboard · first_building Barracks |
| 10:57 | KIV.YourAddHere · age_up feudal |
| 11:21 | The Guy With The Magic Keyboard · age_up feudal |
| 11:26 | The Guy With The Magic Keyboard · first_building Archery Range |
| 11:56 | KIV.YourAddHere · first_building Archery Range |
| 12:04 | The Guy With The Magic Keyboard · wall_segment Palisade Wall x1 |
| 12:05 | The Guy With The Magic Keyboard · wall_segment Palisade Wall x1 |
| 12:15 | KIV.YourAddHere · first_building Stable |
| 12:50 | KIV.YourAddHere · wall_segment Palisade Wall x3 |
| 17:11 | The Guy With The Magic Keyboard · first_building Stable |
| 17:25 | The Guy With The Magic Keyboard · wall_segment Palisade Wall x1 |
| 19:52 | KIV.YourAddHere · wall_segment Palisade Wall x6 |
| 23:34 | The Guy With The Magic Keyboard · first_market_buy 100 food |
| 23:37 | The Guy With The Magic Keyboard · first_market_sell 100 stone |
| 24:12 | KIV.YourAddHere · first_market_buy 100 food |
| 24:27 | The Guy With The Magic Keyboard · wall_segment Palisade Wall x1 |
| 24:28 | The Guy With The Magic Keyboard · wall_segment Palisade Wall x1 |
| 24:29 | The Guy With The Magic Keyboard · wall_segment Palisade Wall x1 |
| 25:27 | The Guy With The Magic Keyboard · wall_segment Palisade Wall x1 |
| 25:29 | The Guy With The Magic Keyboard · wall_segment Palisade Wall x1 |
| 25:31 | The Guy With The Magic Keyboard · wall_segment Palisade Wall x1 |
| 26:21 | The Guy With The Magic Keyboard · age_up castle |
| 28:01 | KIV.YourAddHere · wall_segment Palisade Wall x4 |
| 29:25 | KIV.YourAddHere · age_up castle |
| 29:32 | KIV.YourAddHere · first_building Monastery |
| 31:21 | The Guy With The Magic Keyboard · first_building Siege Workshop |
| 31:53 | The Guy With The Magic Keyboard · first_building Monastery |
| 33:23 | KIV.YourAddHere · first_market_sell 100 food |
| 40:26 | KIV.YourAddHere · first_building Castle |
| 42:24 | KIV.YourAddHere · age_up imperial |
| 42:51 | The Guy With The Magic Keyboard · resign |
[ AI ANALYSIS · 1 CREDIT ]
What really happened in this match?
Wolo.gg analyzes every decision: build order, eco, micro, common mistakes by bracket. Personalized analysis on WhatsApp or Discord in 30 seconds.
Civ guide
Georgians
Perfil
KIV.YourAddHere